Map: Temple gelé

Players

Montynator - Winner!

  • Race: Terran Terran
  • League: Gold
  • Spawn Location: 11:00

zidar

  • Race: Zerg Zerg
  • League: Gold
  • Spawn Location: 5:00

VOD

Have the link to the VOD?

Description

Time

  • Played on: May 21, 2016, 10:07 a.m.
  • Length: 8:45
Show
View Real Time Build Order
Export as new Build Order

Montynator Terran - Winner!

Build Orders: Reaper Expand 

Get SALT Encoding   

  12  0:00  SCV  
  13  0:13  SCV  
  14  0:18  Supply Depot  
  14  0:25  SCV  
  15  0:39  SCV  
  15  0:41  Barracks  
  16  0:46  Refinery  
  16  0:51  SCV  
  17  1:03  SCV  
  18  1:15  SCV  
  19  1:36  Reaper, Orbital Command  
  20  1:44  Command Center  
  20  1:56  Supply Depot  
  20  2:02  SCV  
  20  2:08  Marine  
  22  2:14  SCV  
  23  2:20  Factory  
  23  2:21  Refinery  
  23  2:26  Marine  
  24  2:30  SCV  
  25  2:51  SCV  
  26  2:56  Orbital Command  
  26  2:58  Barracks Reactor  
  26  3:04  SCV  
  27  3:05  Factory Tech Lab  
  27  3:07  Barracks  
  27  3:11  Starport  
  27  3:16  SCV  
  27  3:17  Engineering Bay  
  28  3:22  SCV  
  29  3:28  SCV  
  30  3:34  SCV  
  30  3:38  Marine x2, Siege Tank  
  30  3:40  SCV  
  37  3:46  SCV  
  37  3:47  Starport Reactor  
  38  3:52  SCV  
  38  3:54  Barracks Tech Lab  
  39  3:56  Marine x2  
  41  4:06  Bunker  
  41  4:13  SCV  
  41  4:14  SCV  
  41  4:15  Marine x3  
  41  4:16  Stimpack  
  46  4:21  Supply Depot  
  46  4:26  Supply Depot  
  46  4:32  Refinery  
  46  4:33  Terran Infantry Weapons Level 1  
  46  4:34  Supply Depot  
  46  4:42  Marine x2  
  46  4:43  SCV x2  
  50  4:57  Medivac  
  51  5:00  Marine x3  
  54  5:08  Supply Depot  
  54  5:09  Barracks, SCV x2  
  54  5:10  Barracks  
  56  5:19  Marine x3  
  54  5:37  Marine x2  
  54  5:41  Marine  
  56  5:44  Medivac x2  
  56  5:46  Siege Tank  
  63  5:55  Marine x2  
  65  5:58  Command Center  
  65  5:59  Marine  
  65  6:01  Barracks Reactor  
  65  6:02  Barracks Tech Lab  
  66  6:11  SCV x2  
  66  6:13  Marine x2  
  66  6:15  Refinery  
  66  6:16  Supply Depot  
  66  6:17  Marine  
  71  6:21  Engineering Bay  
  71  6:26  SCV  
  71  6:28  Armory, Terran Infantry Armor Level 1  
  71  6:29  SCV  
  71  6:30  Marine  
  71  6:31  Marine  
  75  6:37  Marine x3  
  75  6:38  Marine  
  72  6:40  Combat Shield  
  72  6:59  Marine x6  
  78  7:07  SCV x2  
  80  7:14  Supply Depot  
  80  7:16  Marine  
  80  7:17  Marine  
  80  7:18  Marauder  
  80  7:19  Marine, SCV  
  80  7:20  Marine x2  
  88  7:27  SCV, Supply Depot  
  89  7:32  Orbital Command  
  89  7:38  Marauder  
  89  7:39  Marauder  
  89  7:43  Marine x2  
  95  8:04  Orbital Command  
  95  8:05  Marine x4  
  99  8:06  Marauder x2  
  99  8:07  SCV x2  
  105  8:23  Marine  
Show
View Real Time Build Order
Export as new Build Order

zidar Zerg 

Build Orders: Pool First 

Get SALT Encoding   

  12  0:01  Drone  
  13  0:15  Overlord  
  13  0:19  Drone  
  14  0:25  Extractor, Drone  
  15  0:33  Drone  
  16  0:39  Drone  
  17  0:48  Spawning Pool  
  16  0:51  Drone  
  17  1:13  Hatchery  
  17  1:16  Drone  
  17  1:30  Drone  
  17  1:31  Drone  
  19  1:32  Overlord  
  18  1:40  Queen  
  18  1:44  Zergling x2  
  21  1:54  Extractor  
  21  2:00  Zergling x2  
  21  2:14  Overlord  
  21  2:16  Queen, Drone  
  24  2:33  Roach Warren  
  22  3:06  Zergling x6  
  22  3:07  Zergling x12  
  22  3:10  Metabolic Boost  
  31  3:15  Extractor  
  30  3:23  Drone x4  
  36  3:48  Roach x4  
  42  4:04  Overlord  
  42  4:07  Roach  
  46  4:24  Roach x4  
  52  5:05  Overlord  
  52  5:06  Overlord x2  
  26  5:43  Zergling x28  
  38  5:57  Lair  
  38  6:01  Drone x2  
  40  6:19  Drone x5  
  31  6:48  Roach x5  
  31  6:49  Roach  
  43  7:13  Ravager x2  
  43  7:14  Ravager x2, Hatchery  
  46  7:37  Spire  
  46  7:38  Drone x2  
  46  7:39  Drone x5  
  52  7:56  Extractor  
  52  7:57  Extractor  
  50  8:01  Drone x8  
  58  8:22  Drone  
  58  8:23  Drone x8  
Tags
 
Add a new tag
Caveats
  • Supply blocks, unpowered buildings, or Contaminate may cause inaccurate times.
  • Supply counts are checked every 10 seconds.